 Dungeon Crawl Stone Soup version 0.18.1-50-g88ac8fd (webtiles) character file.

5144 epen the Martial Artist (level 10, 0/79 (80) HPs)
             Began as a Merfolk Monk on Sept 16, 2016.
             Was a Believer of Ru.
             Slain by a slime creature (13 damage)
             ... on level 9 of the Dungeon.
             The game lasted 00:14:40 (9557 turns).

epen the Martial Artist (Merfolk Monk)              Turns: 9557, Time: 00:14:45

HP:   0/79 (80)     AC:  7    Str: 10    XL:     10   Next: 58%
MP:   16/16         EV: 18    Int: 13    God:    Ru [**....]
Gold: 300           SH:  0    Dex: 16    Spells: 2 memorised, 14 levels left

rFire  . . .     SeeInvis .       - Unarmed
rCold  . . .     Gourm    .     I - +0 troll leather armour
rNeg   . . .     Faith    .     (no shield)
rPois  .         Spirit   .     (no helmet)
rElec  .         Dismiss  .     (no cloak)
rCorr  .         Reflect  .     (no gloves)
SustAt .         Harm     .     (no boots)
MR     .....                    (no amulet)
Stlth  ++........               h - +3 ring of protection
                                n - +4 ring of slaying

@: not resistant to hostile enchantments, unstealthy
A: change form in water, swift swim, weak 1, hated by all, inability to train
armour
a: Renounce Religion


You were on level 9 of the Dungeon.
You worshipped Ru.
Ru was pleased with you.
You were hungry.

You visited 1 branch of the dungeon, and saw 9 of its levels.

You collected 415 gold pieces.
You spent 115 gold pieces at shops.

Inventory:

Missiles
 u - 3 throwing nets (quivered)
Armour
 a - a +1 robe
 d - a +2 robe of cold resistance
 I - a +0 troll leather armour (worn)
Rods
 H - a +0 rod of ignition (9/9)
   (You found it on level 7 of the Dungeon)
Jewellery
 c - an uncursed ring of stealth
 g - an uncursed ring of fire {unknown}
 h - a +3 ring of protection (right hand)
 n - a +4 ring of slaying (left hand)
 r - an uncursed ring of protection from magic
 x - an uncursed ring of positive energy {unknown}
 F - an uncursed ring of resist corrosion {unknown}
Wands
 p - a wand of acid (6/15)
 w - a wand of acid (12/15)
 E - a wand of iceblast (6/15)
Scrolls
 k - a scroll of immolation
 o - 3 scrolls of blinking
 s - a scroll of teleportation
 t - a scroll of magic mapping
Potions
 e - 2 potions of brilliance
 i - 2 potions of heal wounds
 j - a potion of ambrosia {unknown}
 q - 2 potions of cancellation
 v - 7 potions of curing
 z - 2 potions of might
 A - 2 potions of resistance
 B - a potion of berserk rage {unknown}
 D - a potion of flight {unknown}
 J - a potion of lignification {unknown}
Books
 l - a book of Spatial Translocations

   Spells                             Type                      Level
   a - Apportation                    Translocation                1
   b - Blink                          Translocation                2
   c - Shroud of Golubria             Charms/Translocation         2
   d - Portal Projectile              Translocation                3
   e - Teleport Other                 Translocation                3
   f - Passage of Golubria            Translocation                4
Comestibles
 b - 9 bread rations
 f - 13 fruits
 m - 6 meat rations
 C - 3 beef jerkies
 G - 7 slices of pizza


   Skills:
 + Level 7.6 Fighting
 + Level 9.5 Dodging
 - Level 2.4 Stealth
 * Level 11.2 Unarmed Combat
 - Level 4.0 Spellcasting
 + Level 5.1 Translocations


You had 14 spell levels left.
You knew the following spells:

 Your Spells              Type           Power        Failure   Level  Hunger
a - Blink                 Tloc           N/A          6%          2    ##.....
b - Apportation           Tloc           ###.......   3%          1    None


Dungeon Overview and Level Annotations

Branches:
Dungeon (9/15)             Temple (0/1) D:7
   Lair: D:8-11         Orc: D:9-12

Altars:
Ashenzari
Cheibriados
Elyvilon
Fedhas
Kikubaaqudgha
Okawaru
Ru
Sif Muna
The Shining One

Shops:
D:5 [?:   D:7 (


Innate Abilities, Weirdness & Mutations

You revert to your normal form in water.
You are very nimble and swift while swimming.
You are weak. (Str -2)
You are hated by all.
You cannot train Armour skill.


Message History

You hit the large slime creature.
The large slime creature is severely wounded.
A large slime creature splits.
The large slime creature completely misses you.
Unknown command.
You hit the large slime creature.
The large slime creature is severely wounded.
You hit the large slime creature.
The large slime creature is severely wounded.
The slime creature closely misses you.
The large slime creature completely misses you.
The slime creature closely misses you.
You punch the large slime creature!
The large slime creature is severely wounded.
The large slime creature hits you!!!
Ouch! That really hurt!
* * * LOW HITPOINT WARNING * * *
You focus your will and blind the large slime creature in retribution!
The slime creature hits you!
You die...

######### #......(#
#.......# #.......# #####
#.......# #...## #......<#
#....# #########.......##
##...###.JJ...##........###
##......J@(..##...........
##..##......##.......####
##.##......##........#
#.##......######.#..#
#J##........####...##
#.##......#.)..#..##
#..####.######.#..# ##.#
#.# ###....### #.# #.#
#........###


You could see a large slime creature (blind) and 2 slime creatures.

Vanquished Creatures
  3 trolls
  A slime creature (D:9)
  A shadow (D:9)
  Eustachio (D:6)
  2 hogs (D:9)
  A human (D:9)
  A hippogriff (D:7)
  A steam dragon (D:8)
  Edmund (D:4)
  An orc warrior (D:5)
  A necrophage (D:9)
  An ice beast (D:7)
  A black bear (D:7)
  2 phantoms
  2 ogres (D:9)
  3 centaurs
  A crocodile (D:8)
  A big kobold (D:7)
  Blork the orc (D:4)
  5 giant frogs
  2 scorpions
  12 killer bees
  A howler monkey (D:6)
  4 crimson imps
  A centaur zombie (D:6)
  A hound (D:9)
  A jelly (D:9)
  A giant frog skeleton (D:6)
  An orc priest (D:6)
  2 centaur skeletons
  Natasha (thrice) (D:4)
  5 orc wizards
  6 worker ants
  A killer bee zombie (D:9)
  2 sheep (D:9)
  2 hound zombies
  A hound skeleton (D:6)
  2 worker ant zombies
  14 gnolls
  8 adders
  2 shadow imps
  2 oozes
  An adder zombie (D:6)
  3 worms
  7 dart slugs
  4 giant geckos
  15 orcs
  7 giant cockroaches
  9 goblins
  7 hobgoblins
  11 jackals
  4 quokkas
  7 bats
  4 giant newts
  A jackal zombie (D:6)
  8 kobolds
  7 rats
200 creatures vanquished.

Notes
Turn   | Place    | Note
--------------------------------------------------------------
     0 | D:1      | epen the Merfolk Monk began the quest for the Orb.
     0 | D:1      | Reached XP level 1. HP: 18/18 MP: 1/1
    62 | D:1      | Reached XP level 2. HP: 15/24 MP: 2/2
   516 | D:1      | Reached skill level 5 in Unarmed Combat
   634 | D:1      | Reached XP level 3. HP: 29/29 MP: 3/3
  1271 | D:2      | Reached skill level 5 in Dodging
  1280 | D:2      | Reached XP level 4. HP: 34/36 MP: 4/4
  1352 | D:2      | Learned a level 2 spell: Blink
  1457 | D:2      | Found a deep blue altar of Sif Muna.
  1481 | D:2      | Found an ancient bone altar of Kikubaaqudgha.
  1901 | D:3      | Found a white marble altar of Elyvilon.
  2055 | D:3      | Found a shattered altar of Ashenzari.
  2056 | D:3      | Reached skill level 1 in Spellcasting
  2565 | D:4      | Noticed Natasha
  2574 | D:4      | Killed Natasha
  2574 | D:4      | Reached XP level 5. HP: 33/42 MP: 6/6
  2692 | D:4      | Found a sacrificial altar of Ru.
  2714 | D:4      | Became a worshipper of Ru the Awakened
  2719 | D:4      | Gained mutation: You cannot train Armour skill. [Ru sacrifice]
  2719 | D:4      | Reached * piety under Ru
  2734 | D:4      | Noticed Blork the orc
  2743 | D:4      | Noticed Natasha
  2750 | D:4      | Killed Blork the orc
  2750 | D:4      | Reached skill level 1 in Translocations
  2758 | D:4      | Killed Natasha
  2758 | D:4      | Reached XP level 6. HP: 22/48 MP: 6/8
  2923 | D:4      | Found a blossoming altar of Fedhas.
  2934 | D:4      | Reached skill level 6 in Unarmed Combat
  3011 | D:4      | Noticed Natasha
  3016 | D:4      | Killed Natasha
  3107 | D:4      | Noticed Edmund
  3142 | D:4      | Killed Edmund
  3142 | D:4      | Reached XP level 7. HP: 9/55 MP: 8/10
  3540 | D:5      | Entered Level 5 of the Dungeon
  4050 | D:5      | Found Rimn's Book Emporium.
  4097 | D:5      | Found Wepreir's Magic Scroll Shop.
  4110 | D:5      | Bought a scroll of teleportation for 33 gold pieces
  4110 | D:5      | Bought a scroll of blinking for 82 gold pieces
  4166 | D:5      | Found Vuiwn's Armour Boutique.
  4170 | D:5      | Found a snail-covered altar of Cheibriados.
  5050 | D:6      | Reached skill level 7 in Unarmed Combat
  5340 | D:5      | Reached skill level 5 in Fighting
  5340 | D:5      | Reached XP level 8. HP: 62/62 MP: 12/12
  5426 | D:6      | Noticed Eustachio
  5558 | D:6      | Killed Eustachio
  5611 | D:6      | Gained mutation: You are hated by all. [Ru sacrifice]
  5611 | D:6      | Reached ** piety under Ru
  5632 | D:6      | Reached skill level 8 in Unarmed Combat
  6580 | D:7      | Reached XP level 9. HP: 58/69 MP: 14/14
  6634 | D:7      | Found a staircase to the Ecumenical Temple.
  6709 | D:7      | Found Zasmimau's Antique Weapon Shoppe.
  6903 | D:7      | Reached skill level 9 in Unarmed Combat
  7823 | D:8      | Found a glowing golden altar of the Shining One.
  7917 | D:8      | Gained mutation: You are weak. (Str -2) [Ru sacrifice]
  8049 | D:8      | Reached skill level 10 in Unarmed Combat
  8440 | D:8      | Noticed a troll
  8461 | D:8      | Killed a troll
  8461 | D:8      | Reached XP level 10. HP: 26/79 MP: 16/16
  8727 | D:9      | Found an iron altar of Okawaru.
  8730 | D:9      | Learned a level 1 spell: Apportation
  9368 | D:9      | Reached skill level 5 in Translocations
  9374 | D:9      | Reached skill level 11 in Unarmed Combat
  9557 | D:9      | Slain by a slime creature

Skill      XL: |  1  2  3  4  5  6  7  8  9 10 |
---------------+-------------------------------+-----
Unarmed Combat | 5 6 7 8 10 11 | 11.2
Dodging        | 5 6 7 8 9 |  9.5
Spellcasting   | 1 2 3 4 |  4.0
Fighting       | 4 5 7 |  7.6
Translocations | 1 2 3 4 5 |  5.1
Stealth        | |  2.4

Action                   |  1- 3 |  4- 6 |  7- 9 | 10-12 || total
-------------------------+-------+-------+-------+-------++-------
Melee: Unarmed           |   103 |   162 |   421 |   115 ||   801
       Punch             |     2 |     5 |    10 |     5 ||    22
Invok: Sacrifice Durabil |       |     1 |       |       ||     1
       Sacrifice Love    |       |       |     1 |       ||     1
       Sacrifice Purity  |       |       |     1 |       ||     1
  Use: Scroll            |       |    11 |     5 |     6 ||    22
       Potion            |       |       |     2 |       ||     2
 Stab: Sleeping          |     4 |     4 |     6 |     5 ||    19
       Distracted        |       |     1 |     2 |     2 ||     5
       Invisible         |       |       |     2 |     1 ||     3
  Eat: Chunk             |     1 |     6 |    16 |     4 ||    27
Armor: Robe              |    23 |    33 |    69 |       ||   125
       Troll leather arm |       |       |       |    12 ||    12
Dodge: Dodged            |    70 |   101 |   335 |    77 ||   583
